 Dungeon Crawl Stone Soup version 0.30-a0-34-gbe8da3892a (webtiles) character file.

Game seed: 9599023561554118194

18063 ytrimaz the Martial Artist (level 12, 0/129 HPs)
             Began as an Octopode Transmuter on Aug 28, 2022.
             Slain by a naga
             ... wielding a +0 short sword
              (10 damage)
             ... on level 2 of the Lair of Beasts.
             The game lasted 00:18:34 (14787 turns).

ytrimaz the Martial Artist (Octopode Transmuter)   Turns: 14787, Time: 00:18:34

Health: 0/129      AC: 30    Str: 10    XL:     12   Next: 54%
Magic:  18/26      EV: -1    Int: 20    God:
Gold:   880        SH:  0    Dex: 18    Spells: 21/31 levels left

rFire   + . .      SeeInvis .      - Unarmed
rCold   . . .      Faith    .    (no shield)
rNeg    . . .      Spirit   .    (helmet currently unavailable)
rPois   +          Reflect  .    e - amulet of regeneration
rElec   .          Harm     .    j - ring of protection from fire
rCorr   .          Rampage  .    m - +4 ring of protection
Will    .....      NoTele   +    l - +6 ring of dexterity
Stlth   ++........               s - +4 ring of evasion
HPRegen 1.11/turn                (no ring)
MPRegen 0.20/turn                (no ring)
                                 (no ring)
                                 (no ring)

@: tree-form (expiring), constricted
A: stationary, stasis, torment immunity, boosted hp, almost no armour,
(amphibious), 8 rings, (camouflage 1), (gelatinous body 1), (nimble swimmer 1),
(tentacles), (iridescent scales 1), (fire resistance 1), MP-powered wands, noise
suppression
a: no special abilities


You were on level 2 of the Lair of Beasts.
You were a tree.
You visited 3 branches of the dungeon, and saw 14 of its levels.

You collected 880 gold pieces.

Inventory:

Jewellery
 e - an amulet of regeneration (around neck)
 j - a ring of protection from fire (left branch)
 l - a +6 ring of dexterity (on tentacle)
 m - a +4 ring of protection (right branch)
 s - a +4 ring of evasion (on tentacle)
Wands
 h - a wand of iceblast (10)
 o - a wand of charming (8)
 q - a wand of acid (8)
Scrolls
 d - 5 scrolls of immolation
 i - 2 scrolls of identify
 k - 3 scrolls of teleportation
 n - 3 scrolls of butterflies
 p - a scroll of magic mapping
 t - a scroll of noise
 u - a scroll of enchant weapon
Potions
 b - 3 potions of ambrosia
 c - 2 potions of flight
 f - 2 potions of attraction
 r - 2 potions of mutation


   Skills:
 * Level 9.5 Fighting
 - Level 2.0 Dodging
 * Level 10.3 Unarmed Combat
 - Level 10.0 Spellcasting
 - Level 10.0 Transmutations
 - Level 4.0 Ice Magic
 - Level 4.0 Poison Magic


You had 21 spell levels left.
You knew the following spells:

 Your Spells              Type           Power      Damage    Failure   Level
a - Beastly Appendage     Tmut           100%       N/A       1%          1
b - Wereblood             Tmut           50%        N/A       1%          2
c - Spider Form           Tmut/Pois      38%        N/A       1%          3
d - Ice Form              Ice/Tmut       38%        N/A       3%          4

Your spell library contained the following spells:

 Spells                   Type           Power      Damage    Failure   Level
 Ignite Poison            Fire/Tmut/Pois 28%        N/A       3%          3
 Magic Dart               Conj           40%        1d5       7%          1
 Call Imp                 Summ           10%        N/A       11%         2
 Mephitic Cloud           Conj/Pois/Air  15%        N/A       12%         3
 Animate Dead             Necr           10%        N/A       56%         4
 Freezing Cloud           Conj/Ice/Air   7%         6-21      75%         5
 Fireball                 Conj/Fire      5%         3d5       88%         5
 Iskenderun's Battlesphe  Conj           10%        2d6       88%         5
 Conjure Ball Lightning   Conj/Air       5%         3x3d6     100%        6
 Haunt                    Necr/Summ      5%         N/A       100%        7
 Orb of Destruction       Conj           5%         9d5       100%        7
 Infestation              Necr           5%         N/A       100%        8


Dungeon Overview and Level Annotations

Branches:
Dungeon (11/15)            Temple (1/1) D:4            Lair (2/5) D:8
  Snake (0/4) Lair:2          Orc (0/2) D:9
  Swamp: Lair:2-3    Shoals: Lair:2-3

Altars:
Ashenzari
Cheibriados
Dithmenos
Elyvilon
Fedhas
Gozag
Hepliaklqana
Kikubaaqudgha
Makhleb
Nemelex Xobeh
Okawaru
Qazlal
Ru
Sif Muna
Trog
Uskayaw
Vehumet
Wu Jian
Xom
Yredelemnul
Zin
The Shining One

Shops:
D:9 *


Innate Abilities, Weirdness & Mutations

You are a tree.
Your roots penetrate the ground, keeping you stationary.
You cannot be teleported.
You are immune to unholy pain and torment.
Your maximum health is greatly increased.
You cannot wear most types of armour.
((You are amphibious.))
You can wear up to eight rings at the same time.
((Your skin changes colour to match your surroundings (Stealth+).))
((Your rubbery body absorbs attacks. (AC +1, EV +1)))
((You are camouflaged when in or above water. (Stealth+)))
((You have tentacles for arms and can constrict up to eight enemies at once.))
((You are partially covered in iridescent scales. (AC +2)))
((Your flesh is heat resistant. (rF+)))
You expend magic power (3 MP) to strengthen your wands.
You passively dampen the noise of your surroundings.


Message History

Press: ? - help, Shift-Dir - straight line, f/p - naga
Aim: a naga, wielding a +0 flail (almost dead)
You feel a surge of power!
The mass of ice explodes!
The iceblast engulfs the naga!
You kill the naga!
The iceblast engulfs you but does no damage.
The iceblast engulfs the naga.
The naga is heavily wounded.
The naga hits you but does no damage. The naga constricts you.
* * * LOW HITPOINT WARNING * * *
The naga hits you with a +0 mace.
* * * LOW HITPOINT WARNING * * *
Unknown command.
Unknown command.
Unknown command.
You feel better.
Your transformation is almost over.
The naga hits you but does no damage. The naga constricts you.
The naga hits you with a +0 mace!
* * * LOW HITPOINT WARNING * * *
Unknown command.
Aiming: Iceblast
Press: ? - help, Shift-Dir - straight line You feel a surge of power!
The mass of ice explodes!
The iceblast engulfs the naga!
The naga is heavily wounded.
The naga hits you but does no damage. The naga constricts you.
The naga hits you but does no damage.
Unknown command.
Unknown command.
You hit the naga but do no damage.
The naga is heavily wounded.
The naga hits you with a +0 short sword.
* * * LOW HITPOINT WARNING * * *
The naga constricts you.
* * * LOW HITPOINT WARNING * * *
Unknown command.
You feel better. The naga hits you but does no damage.
The naga hits you with a +0 short sword!
You die...

+.................#...###≈≈≈≈≈
...................~~.~ ≈~~≈≈
#.................#.... ...~~
.........#..... ..PP
.........###+##
...............
......)........
...###...###... #..N♣)..#
#...N)..# ...............
.......>......#
#.#..........## ####.......#.#
#.......#... ###...### ..


You could see 2 nagas.

Vanquished Creatures
  2 two-headed ogres
  Urug (Lair:1)
  3 elephants (Lair:2)
  9 cane toads
  A rime drake (Lair:2)
  A komodo dragon (Lair:1)
  6 trolls
  Grinder (D:3)
  A wraith (D:9)
  4 wyverns
  17 yaks
  A basilisk (Lair:1)
  Grum (D:10)
  2 nagas (Lair:2)
  2 wargs (D:8)
  5 water moccasins
  2 ice beasts
  A sky beast (D:6)
  3 black bears
  6 ogres
  An orc warrior (D:8)
  21 wolves
  5 centaurs
  3 phantoms
  A kobold brigand (D:10)
  6 bullfrogs
  3 necrophages
  2 scorpions (D:7)
  14 wights
  2 howler monkeys
  An electric eel (Lair:2)
  2 lava snakes (D:11)
  3 hounds
  5 jellies
  5 orc priests
  3 iguanas
  Ijyb (D:3)
  Terence (D:2)
  Natasha (twice) (D:2)
  16 orc wizards
  7 adders
  A shadow imp (D:6)
  An ufetubus (D:5)
  3 worms
  10 dart slugs
  35 orcs
  6 endoplasms
  A giant cockroach (D:1)
  5 hobgoblins
  6 jackals
  3 quokkas
  2 ball pythons (D:4)
  7 bats
  A frilled lizard (D:3)
  5 goblins
  10 kobolds
  12 rats
281 creatures vanquished.

Vanquished Creatures (others)
  4 fungi (Lair:1)
  10 plants
14 creatures vanquished.

Grand Total: 295 creatures vanquished

Notes
Turn   | Place    | Note
-------+----------+-------------------------------------------
     0 | D:1      | ytrimaz the Octopode Transmuter began the quest for the
                  | Orb.
     0 | D:1      | Reached XP level 1. HP: 13/13 MP: 3/3
   195 | D:1      | Reached XP level 2. HP: 16/18 MP: 3/5
   230 | D:1      | Found a faded altar of an unknown god.
  1147 | D:1      | Reached XP level 3. HP: 18/23 MP: 4/6
  1150 | D:1      | Learned a level 2 spell: Wereblood
  1154 | D:1      | Learned a level 3 spell: Spider Form
  1537 | D:2      | Reached skill level 1 in Poison Magic
  1610 | D:2      | Found a sacrificial altar of Ru.
  1765 | D:2      | Identified the +0 robe "Suseup" {Will+}
  1830 | D:2      | Noticed Natasha
  1839 | D:2      | Killed Natasha
  1840 | D:2      | Reached XP level 4. HP: 8/28 MP: 5/7
  2276 | D:2      | Noticed Natasha
  2282 | D:2      | Killed Natasha
  2295 | D:2      | Noticed Terence
  2308 | D:2      | Killed Terence
  2309 | D:2      | Reached XP level 5. HP: 17/33 MP: 4/8
  2623 | D:2      | Gained mutation: You passively dampen the noise of your
                  | surroundings. [potion of mutation]
  2623 | D:2      | Gained mutation: You occasionally lose the ability to drink
                  | potions when taking damage. [potion of mutation]
  2623 | D:2      | Gained mutation: You are resistant to electric shocks.
                  | (rElec) [potion of mutation]
  2623 | D:2      | Gained mutation: You expend magic power (3 MP) to
                  | strengthen your wands. [potion of mutation]
  3168 | D:3      | Noticed Grinder
  3172 | D:3      | Paralysed by Grinder for 2 turns
  3190 | D:3      | Killed Grinder
  3191 | D:3      | Reached XP level 6. HP: 15/38 MP: 8/11
  3397 | D:3      | Learned a level 4 spell: Ice Form
  3450 | D:3      | Identified the +4 dagger "Udishrisi" {spect, rElec Dex+5}
  3468 | D:3      | Found a white marble altar of Elyvilon.
  3531 | D:3      | Noticed Ijyb
  3552 | D:3      | Killed Ijyb
  3696 | D:3      | Found a basalt altar of Yredelemnul.
  3726 | D:3      | Found an iron altar of Okawaru.
  4027 | D:4      | Noticed a black bear
  4036 | D:4      | Killed a black bear
  4037 | D:4      | Reached skill level 1 in Ice Magic
  4037 | D:4      | Reached XP level 7. HP: 32/43 MP: 9/12
  4821 | D:4      | Found a staircase to the Ecumenical Temple.
  4835 | Temple   | Entered the Ecumenical Temple
  5390 | D:5      | Entered Level 5 of the Dungeon
  5555 | D:5      | Reached skill level 5 in Transmutations
  5730 | D:5      | Lost mutation: You occasionally lose the ability to drink
                  | potions when taking damage. [potion of mutation]
  5730 | D:5      | Lost mutation: You are resistant to electric shocks.
                  | (rElec) [potion of mutation]
  5730 | D:5      | Gained mutation: Your flesh is heat resistant. (rF+)
                  | [potion of mutation]
  5730 | D:5      | Gained mutation: You are partially covered in iridescent
                  | scales. (AC +2) [potion of mutation]
  5800 | D:5      | Reached XP level 8. HP: 48/48 MP: 9/14
  6130 | D:5      | Reached skill level 5 in Spellcasting
  6208 | D:5      | Found a radiant altar of Vehumet.
  6842 | D:6      | Reached XP level 9. HP: 8/49 MP: 10/18
  7202 | D:6      | Found a glowing silver altar of Zin.
  7485 | D:6      | Found a glowing golden altar of the Shining One.
  8152 | D:7      | Found a blossoming altar of Fedhas.
  8155 | D:7      | Found a shimmering altar of Xom.
  8159 | D:7      | Found a sacrificial altar of Ru.
  8970 | D:8      | Identified the +8 falchion "Keiz" {protect, rN++ Will+ MP-9
                  | SInv}
  9051 | D:8      | Reached XP level 10. HP: 58/58 MP: 18/22
  9180 | D:8      | Found a broken altar of Ashenzari.
  9185 | D:8      | Saw a vision of the Shoals and the Snake Pit.
  9185 | D:8      | Noticed a black mamba
  9185 | D:8      | Noticed a merfolk siren
  9185 | D:8      | Noticed a merfolk siren
  9185 | D:8      | Noticed a manticore
  9188 | D:8      | Noticed a mana viper
  9189 | D:8      | Noticed a mana viper
  9193 | D:8      | Noticed a naga sharpshooter
  9445 | D:8      | Found a staircase to the Lair.
  9445 | D:8      | Noticed a two-headed ogre
  9492 | D:8      | Killed a two-headed ogre
  9493 | D:8      | Reached skill level 10 in Transmutations
  9909 | D:8      | Reached skill level 10 in Spellcasting
 10294 | D:9      | Reached skill level 5 in Unarmed Combat
 10514 | D:9      | Found Qaweeqe's Gadget Gallery.
 10706 | D:9      | Found a staircase to the Orcish Mines.
 10750 | D:9      | Reached XP level 11. HP: 67/67 MP: 20/25
 10817 | D:10     | Entered Level 10 of the Dungeon
 10855 | D:10     | Identified the +12 chain mail "Icza Lisk" {Int+4}
 11227 | D:10     | Found a shadowy altar of Dithmenos.
 11377 | D:10     | Noticed Grum
 11399 | D:10     | Killed Grum
 11567 | D:10     | Reached skill level 5 in Fighting
 12437 | D:11     | Found a hide-covered altar of Uskayaw.
 12831 | D:11     | Noticed a two-headed ogre
 12857 | D:11     | Killed a two-headed ogre
 13296 | Lair:1   | Entered Level 1 of the Lair of Beasts
 13758 | Lair:1   | Reached XP level 12. HP: 82/82 MP: 20/26
 14135 | Lair:1   | Noticed Urug
 14158 | Lair:1   | Killed Urug
 14580 | Lair:2   | Reached skill level 10 in Unarmed Combat
 14756 | Lair:2   | Noticed a seven-headed hydra
 14760 | Lair:2   | Found a staircase to the Snake Pit.
 14786 | Lair:2   | HP: 5/129 [naga/+0 short sword (4)]
 14786 | Lair:2   | HP: 1/129 [constriction (4)]
 14787 | Lair:2   | Slain by a naga

Illustrated notes

Levels and vault maps discovered:
D:1:      dpeg_arrival_ratfight, layout_basic,
          ebering_ecumenical_altar_sacrificial
D:2:      layout_loops_ring, basic_altar, uniq_terence, uniq_natasha
D:3:      kennysheep_slugbush, layout_loops_ring,
          mainiacjoe_overflow_tiny_flanked, mainiacjoe_overflow_catwalk_spiral,
          nrook_mini_vaults, minmay_misc_feat_tiny, uniq_ijyb, uniq_grinder
D:4:      layout_loops_ring, minmay_temple_entry_proselytizer,
          chequers_serial_rivers_micro_c
D:5:      layout_basic, fiery_altar_vehumet
D:6:      layout_basic, zin_academy, mainiacjoe_overflow_surrounded_room,
          minmay_a_box_with_orc_wizards_in_it
D:7:      layout_cave_pods, grunt_temple_overflow_diamond,
          serial_park_tiny_pond, minmay_misc_feat_more_columns
D:8:      layout_loops_ring, grunt_ashenzari_visionary
          [grunt_ashenzari_visionary_shoals, grunt_ashenzari_visionary_snake],
          erik_lair_orcish_takeover, special_room [special_room_orc]
D:9:      layout_basic, orc_0_dummy, nicolae_shop_gadgets
D:10:     layout_stronghold, mainiacjoe_overflow_alcove_1, glass_columns_a,
          uniq_grum
D:11:     layout_cave_pods, nicolae_uskayaw_suspiria
Temple:   nicolae_temple_bog_church
Lair:1:   layout_regular_city, uniq_urug
Lair:2:   cheibrodos_lair_river_kwai, layout_regular_city,
          minmay_snake_entry_guardpost_small, amcnicky_mini_pool_medium,
          serial_bayou_shore_a

Skill      XL: |  1  2  3  4  5  6  7  8  9 10 11 12 |
---------------+-------------------------------------+-----
Unarmed Combat | 4 5 8 10 | 10.3
Poison Magic   | 1 2 4 |  4.0
Spellcasting   | 3 4 6 8 10 | 10.0
Transmutations | 3 4 5 6 9 10 | 10.0
Ice Magic      | 1 3 4 |  4.0
Fighting       | 3 7 9 |  9.5
Dodging        | |  2.0

Action                   |  1- 3 |  4- 6 |  7- 9 | 10-12 || total
-------------------------+-------+-------+-------+-------++-------
Melee: Unarmed           |    70 |    84 |   247 |   529 ||   930
       Constrict         |    21 |    19 |    10 |     1 ||    51
       Tentacles         |    16 |    13 |    10 |     2 ||    41
       Kick              |    17 |     8 |     8 |       ||    33
       Punch             |     4 |     3 |     2 |     5 ||    14
 Cast: Beastly Appendage |    17 |     9 |    10 |     2 ||    38
       Spider Form       |       |     6 |    14 |     3 ||    23
       Ice Form          |       |       |    23 |    48 ||    71
       Wereblood         |       |       |     3 |    13 ||    16
Evoke: Wand              |       |       |       |     4 ||     4
  Use: Scroll            |       |     6 |     9 |     6 ||    21
       Potion            |       |     1 |     4 |    17 ||    22
 Stab: Sleeping          |     4 |     7 |     2 |     1 ||    14
       Distracted        |       |     1 |       |       ||     1
Armor: Skin              |     5 |     4 |    82 |   343 ||   434
Dodge: Dodged            |    47 |    55 |   138 |   469 ||   709

Table legend: (Time is in decaauts)
 A = Elapsed time spent in this place.
 B = Non-inter-level travel time spent in this place.
 C = Inter-level travel time spent in this place.
 D = Time resting spent in this place.
 E = Time spent auto-exploring this place.
 F = Levels seen in this place.
 G = Mean time per level.
                   A        B        C        D        E       F      G
               +--------+--------+--------+--------+--------+-----+--------+
         Total |  14648 |  14097 |    551 |    721 |  11002 |  14 | 1046.3 |
       Dungeon |  12943 |  12410 |    533 |    662 |   9793 |  11 | 1176.6 |
        Temple |    280 |    273 |      7 |      0 |    263 |   1 |  280.0 |
          Lair |   1424 |   1413 |     11 |     59 |    946 |   2 |  712.0 |
               +--------+--------+--------+--------+--------+-----+--------+

Top non-repeatable levels by time:
     D:6: 1605 daAuts
    D:10: 1513 daAuts
     D:2: 1413 daAuts
     D:3: 1374 daAuts
     D:1: 1227 daAuts
     D:8: 1207 daAuts
  Lair:1: 1204 daAuts
     D:4: 1079 daAuts
     D:5: 972 daAuts
     D:7: 956 daAuts
    D:11: 853 daAuts
     D:9: 740 daAuts
  Temple: 280 daAuts
  Lair:2: 219 daAuts
